 Dungeon Crawl Stone Soup version 0.30-a0-297-g0ec75d9ef4 (webtiles) character file.

Game seed: 662625596235349842

65 lunkers the Digger (level 4, -3/33 HPs)
             Began as a Meteoran Earth Elementalist on Oct 19, 2022.
             Killed from afar by a white imp (8 damage)
             ... with a puff of frost
             ... on level 3 of the Dungeon.
             The game lasted 00:01:35 (517 turns).

lunkers the Digger (Meteoran Earth Elementalist)     Turns: 517, Time: 00:01:36

Health: -3/33      AC:  2    Str: 10    XL:     4   Next: 60%
Magic:  8/10       EV: 12    Int: 18    God:
Gold:   24         SH:  0    Dex: 14    Spells: 9/10 levels left

rFire   . . .      SeeInvis .    (no weapon)
rCold   . . .      Faith    .    (no shield)
rNeg    + . .      Spirit   .    a - +0 robe
rPois   .          Reflect  .    (no helmet)
rElec   .          Harm     .    (no cloak)
rCorr   .          Rampage  .    (no gloves)
Will    .....                    (no boots)
Stlth   +.........               (no amulet)
HPRegen 0.25/turn                d - ring of positive energy
MPRegen 0.12/turn                (no ring)

@: glowing
A: sense surroundings 1, otherworldly, glowing, explore regen
a: no special abilities


You were on level 3 of the Dungeon.
You visited 1 branch of the dungeon, and saw 3 of its levels.

You collected 24 gold pieces.

Inventory:

Armour
 a - a +0 robe (worn)
Jewellery
 d - a ring of positive energy (left hand)
Scrolls
 c - a scroll of silence {unknown}
 e - a scroll of noise {unknown}
 g - a scroll of fear {unknown}
Potions
 b - a potion of magic
 f - a potion of haste {unknown}
 h - a potion of heal wounds {unknown}


   Skills:
 - Level 2.4 Dodging
 - Level 1.4 Stealth
 + Level 3.7 Spellcasting
 - Level 1.2 Transmutations
 * Level 5.2 Earth Magic


You had 9 spell levels left.
You knew the following spells:

 Your Spells              Type           Power      Damage    Failure   Level
a - Sandblast             Erth           44%        2d11      1%          1

Your spell library contained the following spells:

 Spells                   Type           Power      Damage    Failure   Level
 Passwall                 Tmut/Erth      12%        N/A       6%          2
 Sting                    Tmut/Pois      20%        1d4       12%         1
 Slow                     Hex            12%        N/A       16%         1
 Stone Arrow              Conj/Erth      24%        3d8       16%         3
 Poisonous Vapours        Pois/Air       6%         N/A       22%         2
 Petrify                  Tmut/Erth      15%        N/A       36%         4
 Confusing Touch          Hex            3%         N/A       41%         3
 Vampiric Draining        Necr           3%         2d6       41%         3
 Olgreb's Toxic Radiance  Pois           3%         N/A       83%         4


Dungeon Overview and Level Annotations

Branches:
Dungeon (3/15) Zot: 1252

Altars:
The Shining One


Innate Abilities, Weirdness & Mutations

You passively map a small area around you.
You are easily found by Zot.
You glow in the dark.
You regain HP and MP as you explore.


Message History

A hobgoblin zombie is nearby!
Casting: Sandblast (safe; 1% risk of failure)
Confirm with . or Enter, or press ? or * to list all spells.
The blast of sand hits the hobgoblin zombie!
You destroy the hobgoblin zombie!
No target in view!
No target in view!
A hobgoblin zombie and a kobold skeleton come into view.
A goblin zombie comes into view.
A hobgoblin zombie and a white imp come into view.
Found a glowing golden altar of the Shining One.
The white imp shouts!
A kobold zombie comes into view.
A goblin zombie comes into view.
A kobold zombie comes into view.
Casting: Sandblast (safe; 1% risk of failure)
Confirm with . or Enter, or press ? or * to list all spells.
The blast of sand hits the hobgoblin zombie!
You destroy the hobgoblin zombie!
A kobold zombie comes into view.
Casting: Sandblast (safe; 1% risk of failure)
Confirm with . or Enter, or press ? or * to list all spells.
The blast of sand hits the white imp.
The white imp is heavily wounded.
A goblin skeleton comes into view.
The white imp gestures at you. The puff of frost hits you!
The white imp gestures at you. The puff of frost hits you!
* * * LOW HITPOINT WARNING * * *
The white imp gestures at you. The puff of frost hits you!
* * * LOW HITPOINT WARNING * * *
Aiming: Sandblast (safe; 1% risk of failure)
Press: ? - help, Q - select action Shift-Dir - straight line, f/p - white imp
Aim: a white imp (moderately wounded, 83% to hit)
The blast of sand hits the kobold skeleton!
You destroy the kobold skeleton!
The white imp gestures at you. The puff of frost hits you!
You die...

._.. .# ,* , ..Z *
.# ,,.Z ..# #+
Z##..#
#.##.##Z#..#
....Z..5...#
......Z....#
###.###.####
.#.#..###@# , , ,
..........#,# ,
....##.#.##.## **
* ., ..###....# ,,
,
**,..##.#.#.#.#..,
* #. #.<....... #
####.#.#.. * #.##*
...,,


You could see a white imp, 2 goblin zombies and 3 kobold zombies.

Vanquished Creatures
  An adder (D:2)
  A worm (D:2)
  8 endoplasms
  A giant cockroach (D:2)
  4 goblins
  A hobgoblin (D:2)
  10 jackals
  3 quokkas
  7 ball pythons
  2 hobgoblin zombies (D:3)
  3 kobolds
  A kobold skeleton (D:3)
  6 rats
48 creatures vanquished.

Notes
Turn   | Place    | Note
-------+----------+-------------------------------------------
     0 | D:1      | lunkers the Meteoran Earth Elementalist began the quest for
                  | the Orb.
     0 | D:1      | Reached XP level 1. HP: 14/14 MP: 5/5
    18 | D:1      | Reached XP level 2. HP: 20/20 MP: 2/6
    33 | D:1      | Reached skill level 4 in Earth Magic
   163 | D:1      | Reached XP level 3. HP: 26/26 MP: 4/8
   400 | D:2      | Reached XP level 4. HP: 33/33 MP: 7/10
   404 | D:2      | Reached skill level 5 in Earth Magic
   511 | D:3      | Found a glowing golden altar of the Shining One.
   517 | D:3      | Killed from afar by a white imp

Illustrated notes

Levels and vault maps discovered:
D:1:      minmay_arrival_jagged, layout_basic
D:2:      layout_basic, minmay_hedge_maze
D:3:      layout_loops_ring, nzn_wu_jian_contemplation,
          nicolae_tso_besieged_by_evil, nicolae_overflow_hidden_temple,
          portal_sewer_entry_b, minmay_box_of_dots

Skill      XL: |  1  2  3  4 |
---------------+-------------+-----
Earth Magic    | 4 5 |  5.2
Spellcasting   | 3 |  3.7
Dodging        | |  2.4
Stealth        | |  1.4
Transmutations | |  1.2

Action                   |  1- 3 |  4- 6 || total
-------------------------+-------+-------++-------
 Cast: Sandblast         |    37 |    25 ||    62
Armor: Robe              |     1 |     3 ||     4
Dodge: Dodged            |     2 |    11 ||    13

Table legend: (Time is in decaauts)
 A = Elapsed time spent in this place.
 B = Non-inter-level travel time spent in this place.
 C = Inter-level travel time spent in this place.
 D = Time resting spent in this place.
 E = Time spent auto-exploring this place.
 F = Levels seen in this place.
 G = Mean time per level.
                   A        B        C        D        E       F      G
               +--------+--------+--------+--------+--------+-----+--------+
         Total |    546 |    546 |      0 |      0 |    353 |   3 |  182.0 |
       Dungeon |    546 |    546 |      0 |      0 |    353 |   3 |  182.0 |
               +--------+--------+--------+--------+--------+-----+--------+

Top non-repeatable levels by time:
     D:2: 349 daAuts
     D:1: 176 daAuts
     D:3: 21 daAuts
